%YAML 1.1
%TAG !u! tag:unity3d.com,2011:
--- !u!1 &4386520249002783287
GameObject:
  m_ObjectHideFlags: 0
  m_CorrespondingSourceObject: {fileID: 0}
  m_PrefabInstance: {fileID: 0}
  m_PrefabAsset: {fileID: 0}
  serializedVersion: 6
  m_Component:
  - component: {fileID: 5037057200631078545}
  m_Layer: 0
  m_Name: Level6
  m_TagString: Untagged
  m_Icon: {fileID: 0}
  m_NavMeshLayer: 0
  m_StaticEditorFlags: 0
  m_IsActive: 1
--- !u!4 &5037057200631078545
Transform:
  m_ObjectHideFlags: 0
  m_CorrespondingSourceObject: {fileID: 0}
  m_PrefabInstance: {fileID: 0}
  m_PrefabAsset: {fileID: 0}
  m_GameObject: {fileID: 4386520249002783287}
  m_LocalRotation: {x: 0, y: 0, z: 0, w: 1}
  m_LocalPosition: {x: 0, y: 0, z: 0}
  m_LocalScale: {x: 1, y: 1, z: 1}
  m_Children:
  - {fileID: 6639744402136956923}
  - {fileID: 7907425430151742266}
  - {fileID: 5378697476110965786}
  - {fileID: 5014839106877232213}
  - {fileID: 3634495456814389459}
  - {fileID: 903094045233802899}
  - {fileID: 5769969280295835415}
  - {fileID: 3180240120814221912}
  m_Father: {fileID: 0}
  m_RootOrder: 0
  m_LocalEulerAnglesHint: {x: 0, y: 0, z: 0}
--- !u!1001 &475039149866131763
PrefabInstance:
  m_ObjectHideFlags: 0
  serializedVersion: 2
  m_Modification:
    m_TransformParent: {fileID: 5037057200631078545}
    m_Modifications:
    - target: {fileID: 6234285811058418290, guid: c171f7e21a188904b96f17207954e2eb, type: 3}
      propertyPath: m_LocalPosition.y
      value: 7.23
      objectReference: {fileID: 0}
    - target: {fileID: 6234285811058418290, guid: c171f7e21a188904b96f17207954e2eb, type: 3}
      propertyPath: m_LocalPosition.z
      value: -2.08
      objectReference: {fileID: 0}
    - target: {fileID: 6234285811151803962, guid: c171f7e21a188904b96f17207954e2eb, type: 3}
      propertyPath: m_LocalPosition.y
      value: -3.42
      objectReference: {fileID: 0}
    - target: {fileID: 6234285811151803962, guid: c171f7e21a188904b96f17207954e2eb, type: 3}
      propertyPath: m_LocalPosition.z
      value: 3.98
      objectReference: {fileID: 0}
    - target: {fileID: 6234285812240856610, guid: c171f7e21a188904b96f17207954e2eb, type: 3}
      propertyPath: m_Name
      value: Horizontal Obstacle (1)
      objectReference: {fileID: 0}
    - target: {fileID: 6234285812240856612, guid: c171f7e21a188904b96f17207954e2eb, type: 3}
      propertyPath: m_RootOrder
      value: 6
      objectReference: {fileID: 0}
    - target: {fileID: 6234285812240856612, guid: c171f7e21a188904b96f17207954e2eb, type: 3}
      propertyPath: m_LocalScale.x
      value: 0.5
      objectReference: {fileID: 0}
    - target: {fileID: 6234285812240856612, guid: c171f7e21a188904b96f17207954e2eb, type: 3}
      propertyPath: m_LocalScale.y
      value: 0.5
      objectReference: {fileID: 0}
    - target: {fileID: 6234285812240856612, guid: c171f7e21a188904b96f17207954e2eb, type: 3}
      propertyPath: m_LocalScale.z
      value: 0.5
      objectReference: {fileID: 0}
    - target: {fileID: 6234285812240856612, guid: c171f7e21a188904b96f17207954e2eb, type: 3}
      propertyPath: m_LocalPosition.x
      value: -0.34198192
      objectReference: {fileID: 0}
    - target: {fileID: 6234285812240856612, guid: c171f7e21a188904b96f17207954e2eb, type: 3}
      propertyPath: m_LocalPosition.y
      value: 7.840019
      objectReference: {fileID: 0}
    - target: {fileID: 6234285812240856612, guid: c171f7e21a188904b96f17207954e2eb, type: 3}
      propertyPath: m_LocalPosition.z
      value: -8.766029
      objectReference: {fileID: 0}
    - target: {fileID: 6234285812240856612, guid: c171f7e21a188904b96f17207954e2eb, type: 3}
      propertyPath: m_LocalRotation.w
      value: 0.99039525
      objectReference: {fileID: 0}
    - target: {fileID: 6234285812240856612, guid: c171f7e21a188904b96f17207954e2eb, type: 3}
      propertyPath: m_LocalRotation.x
      value: -0.13826571
      objectReference: {fileID: 0}
    - target: {fileID: 6234285812240856612, guid: c171f7e21a188904b96f17207954e2eb, type: 3}
      propertyPath: m_LocalRotation.y
      value: 0
      objectReference: {fileID: 0}
    - target: {fileID: 6234285812240856612, guid: c171f7e21a188904b96f17207954e2eb, type: 3}
      propertyPath: m_LocalRotation.z
      value: 0
      objectReference: {fileID: 0}
    - target: {fileID: 6234285812240856612, guid: c171f7e21a188904b96f17207954e2eb, type: 3}
      propertyPath: m_LocalEulerAnglesHint.x
      value: -15.895
      objectReference: {fileID: 0}
    - target: {fileID: 6234285812240856612, guid: c171f7e21a188904b96f17207954e2eb, type: 3}
      propertyPath: m_LocalEulerAnglesHint.y
      value: 0
      objectReference: {fileID: 0}
    - target: {fileID: 6234285812240856612, guid: c171f7e21a188904b96f17207954e2eb, type: 3}
      propertyPath: m_LocalEulerAnglesHint.z
      value: 0
      objectReference: {fileID: 0}
    - target: {fileID: 6234285812530811496, guid: c171f7e21a188904b96f17207954e2eb, type: 3}
      propertyPath: speed
      value: 0
      objectReference: {fileID: 0}
    - target: {fileID: 6301591311540124612, guid: c171f7e21a188904b96f17207954e2eb, type: 3}
      propertyPath: m_LocalPosition.y
      value: 2.36
      objectReference: {fileID: 0}
    - target: {fileID: 6301591311540124612, guid: c171f7e21a188904b96f17207954e2eb, type: 3}
      propertyPath: m_LocalPosition.z
      value: 1.58
      objectReference: {fileID: 0}
    m_RemovedComponents: []
  m_SourcePrefab: {fileID: 100100000, guid: c171f7e21a188904b96f17207954e2eb, type: 3}
--- !u!4 &5769969280295835415 stripped
Transform:
  m_CorrespondingSourceObject: {fileID: 6234285812240856612, guid: c171f7e21a188904b96f17207954e2eb, type: 3}
  m_PrefabInstance: {fileID: 475039149866131763}
  m_PrefabAsset: {fileID: 0}
--- !u!1001 &1242389528116190999
PrefabInstance:
  m_ObjectHideFlags: 0
  serializedVersion: 2
  m_Modification:
    m_TransformParent: {fileID: 5037057200631078545}
    m_Modifications:
    - target: {fileID: 6099443072819546946, guid: baca9e4664069734c9b03a8ce0282d53, type: 3}
      propertyPath: m_RootOrder
      value: 3
      objectReference: {fileID: 0}
    - target: {fileID: 6099443072819546946, guid: baca9e4664069734c9b03a8ce0282d53, type: 3}
      propertyPath: m_LocalPosition.x
      value: -0.31674525
      objectReference: {fileID: 0}
    - target: {fileID: 6099443072819546946, guid: baca9e4664069734c9b03a8ce0282d53, type: 3}
      propertyPath: m_LocalPosition.y
      value: 6.866136
      objectReference: {fileID: 0}
    - target: {fileID: 6099443072819546946, guid: baca9e4664069734c9b03a8ce0282d53, type: 3}
      propertyPath: m_LocalPosition.z
      value: -11.35692
      objectReference: {fileID: 0}
    - target: {fileID: 6099443072819546946, guid: baca9e4664069734c9b03a8ce0282d53, type: 3}
      propertyPath: m_LocalRotation.w
      value: 0.9513877
      objectReference: {fileID: 0}
    - target: {fileID: 6099443072819546946, guid: baca9e4664069734c9b03a8ce0282d53, type: 3}
      propertyPath: m_LocalRotation.x
      value: -0.30799592
      objectReference: {fileID: 0}
    - target: {fileID: 6099443072819546946, guid: baca9e4664069734c9b03a8ce0282d53, type: 3}
      propertyPath: m_LocalRotation.y
      value: 0
      objectReference: {fileID: 0}
    - target: {fileID: 6099443072819546946, guid: baca9e4664069734c9b03a8ce0282d53, type: 3}
      propertyPath: m_LocalRotation.z
      value: 0
      objectReference: {fileID: 0}
    - target: {fileID: 6099443072819546946, guid: baca9e4664069734c9b03a8ce0282d53, type: 3}
      propertyPath: m_LocalEulerAnglesHint.x
      value: -35.877
      objectReference: {fileID: 0}
    - target: {fileID: 6099443072819546946, guid: baca9e4664069734c9b03a8ce0282d53, type: 3}
      propertyPath: m_LocalEulerAnglesHint.y
      value: 0
      objectReference: {fileID: 0}
    - target: {fileID: 6099443072819546946, guid: baca9e4664069734c9b03a8ce0282d53, type: 3}
      propertyPath: m_LocalEulerAnglesHint.z
      value: 0
      objectReference: {fileID: 0}
    - target: {fileID: 6099443072819546958, guid: baca9e4664069734c9b03a8ce0282d53, type: 3}
      propertyPath: m_Name
      value: Planet (1)
      objectReference: {fileID: 0}
    m_RemovedComponents: []
  m_SourcePrefab: {fileID: 100100000, guid: baca9e4664069734c9b03a8ce0282d53, type: 3}
--- !u!4 &5014839106877232213 stripped
Transform:
  m_CorrespondingSourceObject: {fileID: 6099443072819546946, guid: baca9e4664069734c9b03a8ce0282d53, type: 3}
  m_PrefabInstance: {fileID: 1242389528116190999}
  m_PrefabAsset: {fileID: 0}
--- !u!1001 &4271827209678480991
PrefabInstance:
  m_ObjectHideFlags: 0
  serializedVersion: 2
  m_Modification:
    m_TransformParent: {fileID: 5037057200631078545}
    m_Modifications:
    - target: {fileID: 7452762956182919586, guid: f626dcd7f98d42e4a966accda4478024, type: 3}
      propertyPath: playerFuel
      value: 
      objectReference: {fileID: 0}
    - target: {fileID: 7452762956182919588, guid: f626dcd7f98d42e4a966accda4478024, type: 3}
      propertyPath: m_RootOrder
      value: 0
      objectReference: {fileID: 0}
    - target: {fileID: 7452762956182919588, guid: f626dcd7f98d42e4a966accda4478024, type: 3}
      propertyPath: m_LocalPosition.x
      value: 0.053181067
      objectReference: {fileID: 0}
    - target: {fileID: 7452762956182919588, guid: f626dcd7f98d42e4a966accda4478024, type: 3}
      propertyPath: m_LocalPosition.y
      value: -4.2829933
      objectReference: {fileID: 0}
    - target: {fileID: 7452762956182919588, guid: f626dcd7f98d42e4a966accda4478024, type: 3}
      propertyPath: m_LocalPosition.z
      value: -22.45387
      objectReference: {fileID: 0}
    - target: {fileID: 7452762956182919588, guid: f626dcd7f98d42e4a966accda4478024, type: 3}
      propertyPath: m_LocalRotation.w
      value: 0.9511515
      objectReference: {fileID: 0}
    - target: {fileID: 7452762956182919588, guid: f626dcd7f98d42e4a966accda4478024, type: 3}
      propertyPath: m_LocalRotation.x
      value: -0.30814686
      objectReference: {fileID: 0}
    - target: {fileID: 7452762956182919588, guid: f626dcd7f98d42e4a966accda4478024, type: 3}
      propertyPath: m_LocalRotation.y
      value: -0.0037046093
      objectReference: {fileID: 0}
    - target: {fileID: 7452762956182919588, guid: f626dcd7f98d42e4a966accda4478024, type: 3}
      propertyPath: m_LocalRotation.z
      value: 0.018511124
      objectReference: {fileID: 0}
    - target: {fileID: 7452762956182919588, guid: f626dcd7f98d42e4a966accda4478024, type: 3}
      propertyPath: m_LocalEulerAnglesHint.x
      value: -35.877
      objectReference: {fileID: 0}
    - target: {fileID: 7452762956182919588, guid: f626dcd7f98d42e4a966accda4478024, type: 3}
      propertyPath: m_LocalEulerAnglesHint.y
      value: -1.305
      objectReference: {fileID: 0}
    - target: {fileID: 7452762956182919588, guid: f626dcd7f98d42e4a966accda4478024, type: 3}
      propertyPath: m_LocalEulerAnglesHint.z
      value: 2.652
      objectReference: {fileID: 0}
    - target: {fileID: 7452762956182919591, guid: f626dcd7f98d42e4a966accda4478024, type: 3}
      propertyPath: m_Name
      value: Player
      objectReference: {fileID: 0}
    m_RemovedComponents: []
  m_SourcePrefab: {fileID: 100100000, guid: f626dcd7f98d42e4a966accda4478024, type: 3}
--- !u!4 &6639744402136956923 stripped
Transform:
  m_CorrespondingSourceObject: {fileID: 7452762956182919588, guid: f626dcd7f98d42e4a966accda4478024, type: 3}
  m_PrefabInstance: {fileID: 4271827209678480991}
  m_PrefabAsset: {fileID: 0}
--- !u!1001 &6431693997935011010
PrefabInstance:
  m_ObjectHideFlags: 0
  serializedVersion: 2
  m_Modification:
    m_TransformParent: {fileID: 5037057200631078545}
    m_Modifications:
    - target: {fileID: 3818249934457038840, guid: 418226e2f77a861419c3b090944b79b5, type: 3}
      propertyPath: m_RootOrder
      value: 1
      objectReference: {fileID: 0}
    - target: {fileID: 3818249934457038840, guid: 418226e2f77a861419c3b090944b79b5, type: 3}
      propertyPath: m_LocalPosition.x
      value: -0.13635297
      objectReference: {fileID: 0}
    - target: {fileID: 3818249934457038840, guid: 418226e2f77a861419c3b090944b79b5, type: 3}
      propertyPath: m_LocalPosition.y
      value: 1.1
      objectReference: {fileID: 0}
    - target: {fileID: 3818249934457038840, guid: 418226e2f77a861419c3b090944b79b5, type: 3}
      propertyPath: m_LocalPosition.z
      value: -19.6
      objectReference: {fileID: 0}
    - target: {fileID: 3818249934457038840, guid: 418226e2f77a861419c3b090944b79b5, type: 3}
      propertyPath: m_LocalRotation.w
      value: 0.95113295
      objectReference: {fileID: 0}
    - target: {fileID: 3818249934457038840, guid: 418226e2f77a861419c3b090944b79b5, type: 3}
      propertyPath: m_LocalRotation.x
      value: -0.30791342
      objectReference: {fileID: 0}
    - target: {fileID: 3818249934457038840, guid: 418226e2f77a861419c3b090944b79b5, type: 3}
      propertyPath: m_LocalRotation.y
      value: 0.0071273246
      objectReference: {fileID: 0}
    - target: {fileID: 3818249934457038840, guid: 418226e2f77a861419c3b090944b79b5, type: 3}
      propertyPath: m_LocalRotation.z
      value: 0.022016035
      objectReference: {fileID: 0}
    - target: {fileID: 3818249934457038840, guid: 418226e2f77a861419c3b090944b79b5, type: 3}
      propertyPath: m_LocalEulerAnglesHint.x
      value: -35.877
      objectReference: {fileID: 0}
    - target: {fileID: 3818249934457038840, guid: 418226e2f77a861419c3b090944b79b5, type: 3}
      propertyPath: m_LocalEulerAnglesHint.y
      value: 0
      objectReference: {fileID: 0}
    - target: {fileID: 3818249934457038840, guid: 418226e2f77a861419c3b090944b79b5, type: 3}
      propertyPath: m_LocalEulerAnglesHint.z
      value: 2.652
      objectReference: {fileID: 0}
    - target: {fileID: 3818249934457038841, guid: 418226e2f77a861419c3b090944b79b5, type: 3}
      propertyPath: m_Name
      value: Planet (2)
      objectReference: {fileID: 0}
    m_RemovedComponents: []
  m_SourcePrefab: {fileID: 100100000, guid: 418226e2f77a861419c3b090944b79b5, type: 3}
--- !u!4 &7907425430151742266 stripped
Transform:
  m_CorrespondingSourceObject: {fileID: 3818249934457038840, guid: 418226e2f77a861419c3b090944b79b5, type: 3}
  m_PrefabInstance: {fileID: 6431693997935011010}
  m_PrefabAsset: {fileID: 0}
--- !u!1001 &7274707265212313335
PrefabInstance:
  m_ObjectHideFlags: 0
  serializedVersion: 2
  m_Modification:
    m_TransformParent: {fileID: 5037057200631078545}
    m_Modifications:
    - target: {fileID: 6234285812240856610, guid: c171f7e21a188904b96f17207954e2eb, type: 3}
      propertyPath: m_Name
      value: Horizontal Obstacle
      objectReference: {fileID: 0}
    - target: {fileID: 6234285812240856612, guid: c171f7e21a188904b96f17207954e2eb, type: 3}
      propertyPath: m_RootOrder
      value: 4
      objectReference: {fileID: 0}
    - target: {fileID: 6234285812240856612, guid: c171f7e21a188904b96f17207954e2eb, type: 3}
      propertyPath: m_LocalScale.x
      value: 0.5
      objectReference: {fileID: 0}
    - target: {fileID: 6234285812240856612, guid: c171f7e21a188904b96f17207954e2eb, type: 3}
      propertyPath: m_LocalScale.y
      value: 0.5
      objectReference: {fileID: 0}
    - target: {fileID: 6234285812240856612, guid: c171f7e21a188904b96f17207954e2eb, type: 3}
      propertyPath: m_LocalScale.z
      value: 0.5
      objectReference: {fileID: 0}
    - target: {fileID: 6234285812240856612, guid: c171f7e21a188904b96f17207954e2eb, type: 3}
      propertyPath: m_LocalPosition.x
      value: -0.16
      objectReference: {fileID: 0}
    - target: {fileID: 6234285812240856612, guid: c171f7e21a188904b96f17207954e2eb, type: 3}
      propertyPath: m_LocalPosition.y
      value: 1.95
      objectReference: {fileID: 0}
    - target: {fileID: 6234285812240856612, guid: c171f7e21a188904b96f17207954e2eb, type: 3}
      propertyPath: m_LocalPosition.z
      value: -14.15
      objectReference: {fileID: 0}
    - target: {fileID: 6234285812240856612, guid: c171f7e21a188904b96f17207954e2eb, type: 3}
      propertyPath: m_LocalRotation.w
      value: 0.95113295
      objectReference: {fileID: 0}
    - target: {fileID: 6234285812240856612, guid: c171f7e21a188904b96f17207954e2eb, type: 3}
      propertyPath: m_LocalRotation.x
      value: -0.30791342
      objectReference: {fileID: 0}
    - target: {fileID: 6234285812240856612, guid: c171f7e21a188904b96f17207954e2eb, type: 3}
      propertyPath: m_LocalRotation.y
      value: 0.0071273246
      objectReference: {fileID: 0}
    - target: {fileID: 6234285812240856612, guid: c171f7e21a188904b96f17207954e2eb, type: 3}
      propertyPath: m_LocalRotation.z
      value: 0.022016035
      objectReference: {fileID: 0}
    - target: {fileID: 6234285812240856612, guid: c171f7e21a188904b96f17207954e2eb, type: 3}
      propertyPath: m_LocalEulerAnglesHint.x
      value: -35.877
      objectReference: {fileID: 0}
    - target: {fileID: 6234285812240856612, guid: c171f7e21a188904b96f17207954e2eb, type: 3}
      propertyPath: m_LocalEulerAnglesHint.y
      value: 0
      objectReference: {fileID: 0}
    - target: {fileID: 6234285812240856612, guid: c171f7e21a188904b96f17207954e2eb, type: 3}
      propertyPath: m_LocalEulerAnglesHint.z
      value: 2.652
      objectReference: {fileID: 0}
    - target: {fileID: 6234285812530811496, guid: c171f7e21a188904b96f17207954e2eb, type: 3}
      propertyPath: speed
      value: 0
      objectReference: {fileID: 0}
    m_RemovedComponents: []
  m_SourcePrefab: {fileID: 100100000, guid: c171f7e21a188904b96f17207954e2eb, type: 3}
--- !u!4 &3634495456814389459 stripped
Transform:
  m_CorrespondingSourceObject: {fileID: 6234285812240856612, guid: c171f7e21a188904b96f17207954e2eb, type: 3}
  m_PrefabInstance: {fileID: 7274707265212313335}
  m_PrefabAsset: {fileID: 0}
--- !u!1001 &7353971744916045301
PrefabInstance:
  m_ObjectHideFlags: 0
  serializedVersion: 2
  m_Modification:
    m_TransformParent: {fileID: 5037057200631078545}
    m_Modifications:
    - target: {fileID: 7676070456307520358, guid: ad18a7ffa6986a44c9b62b56ed6cf068, type: 3}
      propertyPath: m_RootOrder
      value: 5
      objectReference: {fileID: 0}
    - target: {fileID: 7676070456307520358, guid: ad18a7ffa6986a44c9b62b56ed6cf068, type: 3}
      propertyPath: m_LocalPosition.x
      value: -0.18973444
      objectReference: {fileID: 0}
    - target: {fileID: 7676070456307520358, guid: ad18a7ffa6986a44c9b62b56ed6cf068, type: 3}
      propertyPath: m_LocalPosition.y
      value: 3.6892538
      objectReference: {fileID: 0}
    - target: {fileID: 7676070456307520358, guid: ad18a7ffa6986a44c9b62b56ed6cf068, type: 3}
      propertyPath: m_LocalPosition.z
      value: -5.6696105
      objectReference: {fileID: 0}
    - target: {fileID: 7676070456307520358, guid: ad18a7ffa6986a44c9b62b56ed6cf068, type: 3}
      propertyPath: m_LocalRotation.w
      value: 0.9513877
      objectReference: {fileID: 0}
    - target: {fileID: 7676070456307520358, guid: ad18a7ffa6986a44c9b62b56ed6cf068, type: 3}
      propertyPath: m_LocalRotation.x
      value: -0.30799592
      objectReference: {fileID: 0}
    - target: {fileID: 7676070456307520358, guid: ad18a7ffa6986a44c9b62b56ed6cf068, type: 3}
      propertyPath: m_LocalRotation.y
      value: 0
      objectReference: {fileID: 0}
    - target: {fileID: 7676070456307520358, guid: ad18a7ffa6986a44c9b62b56ed6cf068, type: 3}
      propertyPath: m_LocalRotation.z
      value: 0
      objectReference: {fileID: 0}
    - target: {fileID: 7676070456307520358, guid: ad18a7ffa6986a44c9b62b56ed6cf068, type: 3}
      propertyPath: m_LocalEulerAnglesHint.x
      value: -35.877
      objectReference: {fileID: 0}
    - target: {fileID: 7676070456307520358, guid: ad18a7ffa6986a44c9b62b56ed6cf068, type: 3}
      propertyPath: m_LocalEulerAnglesHint.y
      value: 0
      objectReference: {fileID: 0}
    - target: {fileID: 7676070456307520358, guid: ad18a7ffa6986a44c9b62b56ed6cf068, type: 3}
      propertyPath: m_LocalEulerAnglesHint.z
      value: 0
      objectReference: {fileID: 0}
    - target: {fileID: 7676070456307520359, guid: ad18a7ffa6986a44c9b62b56ed6cf068, type: 3}
      propertyPath: m_Name
      value: Finish
      objectReference: {fileID: 0}
    m_RemovedComponents: []
  m_SourcePrefab: {fileID: 100100000, guid: ad18a7ffa6986a44c9b62b56ed6cf068, type: 3}
--- !u!4 &903094045233802899 stripped
Transform:
  m_CorrespondingSourceObject: {fileID: 7676070456307520358, guid: ad18a7ffa6986a44c9b62b56ed6cf068, type: 3}
  m_PrefabInstance: {fileID: 7353971744916045301}
  m_PrefabAsset: {fileID: 0}
--- !u!1001 &8837991425406405756
PrefabInstance:
  m_ObjectHideFlags: 0
  serializedVersion: 2
  m_Modification:
    m_TransformParent: {fileID: 5037057200631078545}
    m_Modifications:
    - target: {fileID: 6234285812240856610, guid: c171f7e21a188904b96f17207954e2eb, type: 3}
      propertyPath: m_Name
      value: Horizontal Obstacle (2)
      objectReference: {fileID: 0}
    - target: {fileID: 6234285812240856612, guid: c171f7e21a188904b96f17207954e2eb, type: 3}
      propertyPath: m_RootOrder
      value: 7
      objectReference: {fileID: 0}
    - target: {fileID: 6234285812240856612, guid: c171f7e21a188904b96f17207954e2eb, type: 3}
      propertyPath: m_LocalScale.x
      value: 0.5
      objectReference: {fileID: 0}
    - target: {fileID: 6234285812240856612, guid: c171f7e21a188904b96f17207954e2eb, type: 3}
      propertyPath: m_LocalScale.y
      value: 0.5
      objectReference: {fileID: 0}
    - target: {fileID: 6234285812240856612, guid: c171f7e21a188904b96f17207954e2eb, type: 3}
      propertyPath: m_LocalScale.z
      value: 0.5
      objectReference: {fileID: 0}
    - target: {fileID: 6234285812240856612, guid: c171f7e21a188904b96f17207954e2eb, type: 3}
      propertyPath: m_LocalPosition.x
      value: -0.3
      objectReference: {fileID: 0}
    - target: {fileID: 6234285812240856612, guid: c171f7e21a188904b96f17207954e2eb, type: 3}
      propertyPath: m_LocalPosition.y
      value: 3.37
      objectReference: {fileID: 0}
    - target: {fileID: 6234285812240856612, guid: c171f7e21a188904b96f17207954e2eb, type: 3}
      propertyPath: m_LocalPosition.z
      value: -0.05
      objectReference: {fileID: 0}
    - target: {fileID: 6234285812240856612, guid: c171f7e21a188904b96f17207954e2eb, type: 3}
      propertyPath: m_LocalRotation.w
      value: 0.9513877
      objectReference: {fileID: 0}
    - target: {fileID: 6234285812240856612, guid: c171f7e21a188904b96f17207954e2eb, type: 3}
      propertyPath: m_LocalRotation.x
      value: -0.30799592
      objectReference: {fileID: 0}
    - target: {fileID: 6234285812240856612, guid: c171f7e21a188904b96f17207954e2eb, type: 3}
      propertyPath: m_LocalRotation.y
      value: 0
      objectReference: {fileID: 0}
    - target: {fileID: 6234285812240856612, guid: c171f7e21a188904b96f17207954e2eb, type: 3}
      propertyPath: m_LocalRotation.z
      value: 0
      objectReference: {fileID: 0}
    - target: {fileID: 6234285812240856612, guid: c171f7e21a188904b96f17207954e2eb, type: 3}
      propertyPath: m_LocalEulerAnglesHint.x
      value: -35.877
      objectReference: {fileID: 0}
    - target: {fileID: 6234285812240856612, guid: c171f7e21a188904b96f17207954e2eb, type: 3}
      propertyPath: m_LocalEulerAnglesHint.y
      value: 0
      objectReference: {fileID: 0}
    - target: {fileID: 6234285812240856612, guid: c171f7e21a188904b96f17207954e2eb, type: 3}
      propertyPath: m_LocalEulerAnglesHint.z
      value: 0
      objectReference: {fileID: 0}
    - target: {fileID: 6234285812530811496, guid: c171f7e21a188904b96f17207954e2eb, type: 3}
      propertyPath: speed
      value: 0
      objectReference: {fileID: 0}
    m_RemovedComponents: []
  m_SourcePrefab: {fileID: 100100000, guid: c171f7e21a188904b96f17207954e2eb, type: 3}
--- !u!4 &3180240120814221912 stripped
Transform:
  m_CorrespondingSourceObject: {fileID: 6234285812240856612, guid: c171f7e21a188904b96f17207954e2eb, type: 3}
  m_PrefabInstance: {fileID: 8837991425406405756}
  m_PrefabAsset: {fileID: 0}
--- !u!1001 &9104553101256965090
PrefabInstance:
  m_ObjectHideFlags: 0
  serializedVersion: 2
  m_Modification:
    m_TransformParent: {fileID: 5037057200631078545}
    m_Modifications:
    - target: {fileID: 3818249934457038840, guid: 418226e2f77a861419c3b090944b79b5, type: 3}
      propertyPath: m_RootOrder
      value: 2
      objectReference: {fileID: 0}
    - target: {fileID: 3818249934457038840, guid: 418226e2f77a861419c3b090944b79b5, type: 3}
      propertyPath: m_LocalPosition.x
      value: -0.25276518
      objectReference: {fileID: 0}
    - target: {fileID: 3818249934457038840, guid: 418226e2f77a861419c3b090944b79b5, type: 3}
      propertyPath: m_LocalPosition.y
      value: 5.619895
      objectReference: {fileID: 0}
    - target: {fileID: 3818249934457038840, guid: 418226e2f77a861419c3b090944b79b5, type: 3}
      propertyPath: m_LocalPosition.z
      value: -3.5125132
      objectReference: {fileID: 0}
    - target: {fileID: 3818249934457038840, guid: 418226e2f77a861419c3b090944b79b5, type: 3}
      propertyPath: m_LocalRotation.w
      value: 1
      objectReference: {fileID: 0}
    - target: {fileID: 3818249934457038840, guid: 418226e2f77a861419c3b090944b79b5, type: 3}
      propertyPath: m_LocalRotation.x
      value: 0
      objectReference: {fileID: 0}
    - target: {fileID: 3818249934457038840, guid: 418226e2f77a861419c3b090944b79b5, type: 3}
      propertyPath: m_LocalRotation.y
      value: 0
      objectReference: {fileID: 0}
    - target: {fileID: 3818249934457038840, guid: 418226e2f77a861419c3b090944b79b5, type: 3}
      propertyPath: m_LocalRotation.z
      value: 0
      objectReference: {fileID: 0}
    - target: {fileID: 3818249934457038840, guid: 418226e2f77a861419c3b090944b79b5, type: 3}
      propertyPath: m_LocalEulerAnglesHint.x
      value: 0
      objectReference: {fileID: 0}
    - target: {fileID: 3818249934457038840, guid: 418226e2f77a861419c3b090944b79b5, type: 3}
      propertyPath: m_LocalEulerAnglesHint.y
      value: 0
      objectReference: {fileID: 0}
    - target: {fileID: 3818249934457038840, guid: 418226e2f77a861419c3b090944b79b5, type: 3}
      propertyPath: m_LocalEulerAnglesHint.z
      value: 0
      objectReference: {fileID: 0}
    - target: {fileID: 3818249934457038841, guid: 418226e2f77a861419c3b090944b79b5, type: 3}
      propertyPath: m_Name
      value: Planet
      objectReference: {fileID: 0}
    m_RemovedComponents: []
  m_SourcePrefab: {fileID: 100100000, guid: 418226e2f77a861419c3b090944b79b5, type: 3}
--- !u!4 &5378697476110965786 stripped
Transform:
  m_CorrespondingSourceObject: {fileID: 3818249934457038840, guid: 418226e2f77a861419c3b090944b79b5, type: 3}
  m_PrefabInstance: {fileID: 9104553101256965090}
  m_PrefabAsset: {fileID: 0}
